 Dungeon Crawl Stone Soup version 0.18.1-48-g4cf74bf (webtiles) character file.

499 ololoev the Conjurer (level 6, -2/32 HPs)
             Began as a Deep Elf Fire Elementalist on July 25, 2016.
             Slain by Sigmund
             ... wielding a +0 scythe
              (13 damage)
             ... on level 4 of the Dungeon.
             The game lasted 00:05:50 (639 turns).

ololoev the Conjurer (Deep Elf Fire Elementalist)    Turns: 639, Time: 00:05:50

Health: -2/32      AC:  2    Str:  5    XL:     6   Next: 94%
Magic:  1/16       EV: 13    Int: 22    God:
Gold:   57         SH:  0    Dex: 15    Spells: 4 memorised, 4 levels left

rFire  . . .     SeeInvis .     f - +2 dagger (venom)
rCold  . . .     Gourm    .     a - +0 robe
rNeg   . . .     Faith    .     (no shield)
rPois  .         Spirit   .     (no helmet)
rElec  .         Dismiss  .     (no cloak)
rCorr  .         Reflect  .     (no gloves)
SustAt .         Harm     .     (no boots)
MR     .....                    (no amulet)
Stlth  ++........               (no ring)
                                (no ring)

@: not resistant to hostile enchantments, unstealthy
A: no striking features
a: no special abilities

Inventory:

Hand Weapons
 f - a +2 dagger of venom (weapon)
Armour
 a - a +0 robe (worn)
Wands
 j - a wand of acid (0/15)
Scrolls
 d - a scroll of enchant armour
 g - a scroll of enchant weapon
 k - a scroll of identify
 m - a scroll of remove curse {unknown}
 n - a scroll of teleportation {unknown}
 o - a scroll of fog {unknown}
Potions
 e - a potion of mutation {unknown}
 h - a potion of flight {unknown}
 i - a potion of curing
 l - a potion of heal wounds
Books
 b - a book of Flames

   Spells                             Type                      Level
   a - Flame Tongue                   Conjuration/Fire             1
   b - Throw Flame                    Conjuration/Fire             2
   c - Conjure Flame                  Conjuration/Fire             3
   d - Inner Flame                    Hexes/Fire                   3
   e - Sticky Flame                   Conjuration/Fire             4
   f - Fireball                       Conjuration/Fire             5
Comestibles
 c - 4 bread rations


   Skills:
 - Level 2.4 Dodging
 - Level 2.4 Stealth
 + Level 5.4 Spellcasting
 * Level 5.7 Conjurations
 + Level 5.2 Fire Magic


You had 4 spell levels left.
You knew the following spells:

 Your Spells              Type           Power        Failure   Level  Hunger
a - Flame Tongue          Conj/Fire      ####.        1%          1    None
b - Conjure Flame         Conj/Fire      ####....     3%          3    ##.....
c - Sticky Flame          Conj/Fire      ####....     12%         4    ####...
e - Inner Flame           Hex/Fire       ###.....     12%         3    ##.....


You were on level 4 of the Dungeon.
You were not hungry.

You visited 1 branch of the dungeon, and saw 4 of its levels.

You collected 57 gold pieces.

...!........#
............#
............#
............#
............#
............###
#########....O#
######.....#§#
#.........>#@# #######
#..........#......#...#
#..........######.#.#.#
#..........# #.#.#.#
#..........######.#.#.#
#..............##.#.#.#
#........#...#.#....#.#
######.#..........#.#.#
#.###.#.[.#.#<.#.#

Notes
Turn   | Place    | Note
--------------------------------------------------------------
     0 | D:1      | ololoev the Deep Elf Fire Elementalist began the quest for the Orb.
     0 | D:1      | Reached XP level 1. HP: 10/10 MP: 6/6
   122 | D:2      | Reached XP level 2. HP: 15/15 MP: 1/8
   137 | D:2      | You fall through a shaft!
   153 | D:4      | Noticed Menkaure
   154 | D:4      | Found an oddly glowing altar of Pakellas.
   162 | D:4      | Killed Menkaure
   162 | D:4      | Reached XP level 3. HP: 8/19 MP: 0/10
   162 | D:4      | Reached XP level 4. HP: 11/24 MP: 0/12
   162 | D:4      | Reached XP level 5. HP: 12/28 MP: 0/13
   167 | D:4      | Learned a level 3 spell: Conjure Flame
   171 | D:4      | Learned a level 3 spell: Inner Flame
   176 | D:4      | Learned a level 4 spell: Sticky Flame
   222 | D:4      | Noticed Heedrag's ghost (amateur DECj)
   232 | D:4      | Killed Heedrag's ghost
   232 | D:4      | Reached XP level 6. HP: 2/32 MP: 1/15
   251 | D:4      | Reached skill level 5 in Spellcasting
   251 | D:4      | Reached skill level 5 in Conjurations
   257 | D:4      | Found Wunnogga's Armour Boutique.
   311 | D:4      | Reached skill level 5 in Fire Magic
   317 | D:4      | Noticed Grinder
   347 | D:4      | Noticed Sigmund
   433 | D:4      | epen: а ты всё спидранишь
   437 | D:4      | ololoev: yep
   557 | D:3      | epen: а я вот к зубному сходил
   568 | D:3      | ololoev: ну и как?
   568 | D:3      | ololoev: жив?
   577 | D:4      | epen: Ну, зубы спасли
   578 | D:4      | ololoev: нойс
   578 | D:4      | ololoev: главное сос страха не помереть
   578 | D:4      | ololoev: остальное норм
   578 | D:4      | epen: лол
   639 | D:4      | Slain by Sigmund

Dungeon Overview and Level Annotations

Branches:
Dungeon (4/15)
 Temple: D:4-7

Altars:
Pakellas

Shops:
D:4 [

Annotations:
D:4 Grinder, Sigmund


Message History

Casting: Flame Tongue
Confirm with . or Enter, or press ? or * to list all spells.
Aiming: Flame Tongue
Press: ? - help, Shift-Dir - straight line, f/p - giant newt
Aim: a giant newt (moderately wounded)
The flame tongue hits the giant newt.
You kill the giant newt!
Found a scroll labeled GONKEB ENEPS.
You see here a leather armour.
Found a stone staircase leading down.
o - a scroll labeled GONKEB ENEPS A worker ant comes into view.
The worker ant twitches its antennae in your direction.
Casting: Flame Tongue
Confirm with . or Enter, or press ? or * to list all spells.
Aiming: Sticky Flame
Press: ? - help, Shift-Dir - straight line, f - worker ant
Aim: a worker ant The sticky flame hits the worker ant.
The worker ant is lightly wounded.
The worker ant is covered in liquid flames!
The worker ant burns!
The worker ant closely misses you.
You barely miss the worker ant.
The worker ant is heavily wounded.
The worker ant burns!
The worker ant closely misses you.
Unknown command.
The worker ant burns!
You kill the worker ant!
A giant cockroach comes into view.
There is a stone staircase leading down here.
Casting: Sticky Flame
Confirm with . or Enter, or press ? or * to list all spells.
Aiming: Flame Tongue
Press: ? - help, Shift-Dir - straight line, f - giant cockroach
Aim: a giant cockroach (clinging)
The flame tongue hits the giant cockroach.
You kill the giant cockroach!
Found a dagger.
Found a sedimented brown potion.
An ogre comes into view. It is wielding a giant club.
The ogre shouts!
Sigmund shouts!
Sigmund mumbles some strange words.
Sigmund flickers and vanishes!
Deactivating autopickup; reactivate with Ctrl-A.
Casting: Flame Tongue
Confirm with . or Enter, or press ? or * to list all spells.
Aiming: Conjure Flame
Press: ? - help, Dir - move target cursor The fire roars!
Casting: Conjure Flame
Confirm with . or Enter, or press ? or * to list all spells.
Aiming: Inner Flame
Press: ? - help, Shift-Dir - straight line, f - ogre
Aim: an ogre, wielding a giant club (chance to defeat MR: 73%)
The ogre is filled with an inner flame.
Casting: Inner Flame
Confirm with . or Enter, or press ? or * to list all spells.
Aiming: Flame Tongue
Press: ? - help, Shift-Dir - straight line, f/p - ogre
Aim: an ogre, wielding a giant club (inner flame)
The flame tongue hits the ogre.
The ogre is moderately wounded.
A magic dart appears from out of thin air!
The magic dart hits you!
Casting: Flame Tongue
Confirm with . or Enter, or press ? or * to list all spells.
Aiming: Flame Tongue
Press: ? - help, Shift-Dir - straight line, f/p - ogre
Aim: an ogre, wielding a giant club (moderately wounded, inner flame)
The flame tongue misses the ogre.
Casting: Flame Tongue
Confirm with . or Enter, or press ? or * to list all spells.
Aiming: Flame Tongue
Press: ? - help, Shift-Dir - straight line, f/p - ogre
Aim: an ogre, wielding a giant club (moderately wounded, inner flame)
The flame tongue hits the ogre.
The ogre is heavily wounded.
Something hits you!
You die...

You could see an ogre (inner flame).

Vanquished Creatures
  The ghost of Heedrag the Thaumaturge, an amateur DECj (D:4)
  Menkaure (D:4)
  A scorpion (D:4)
  A howler monkey (D:4)
  2 orc wizards (D:4)
  A worker ant (D:4)
  An adder (D:3)
  An adder zombie (D:3)
  A giant gecko (D:2)
  7 orcs (D:4)
  2 giant cockroaches (D:4)
  4 goblins (D:3)
  5 hobgoblins
  A kobold (D:2)
  A quokka (D:4)
  A giant gecko skeleton (D:4)
  3 giant newts
  2 rats (D:3)
36 creatures vanquished.

Action                   |  1- 3 |  4- 6 || total
-------------------------+-------+-------++-------
Melee: Dagger            |       |     5 ||     5
       Short sword       |       |     5 ||     5
 Cast: Flame Tongue      |    18 |    45 ||    63
       Conjure Flame     |       |     3 ||     3
       Sticky Flame      |       |     3 ||     3
       Inner Flame       |       |     1 ||     1
Evoke: Wand              |       |     3 ||     3
  Use: Potion            |     2 |     3 ||     5
       Scroll            |       |     3 ||     3
Armor: Robe              |       |     4 ||     4
Dodge: Dodged            |     5 |    32 ||    37

Vault maps used:
D:1:      matt_arrival_diagonals, kennysheep_nondescript
D:3:      first_bread, minmay_crystal_room
D:4:      lemuel_crystal_altar, serial_shops, shop, uniq_menkaure, uniq_sigmund,
          uniq_grinder
